 Dungeon Crawl Stone Soup version 0.27.0-1-g7a089689b8 (webtiles) character file.

Game seed: 7473760021930121649

79 ZARRMARR the Digger (level 4, -4/34 HPs)
             Began as a Draconian Earth Elementalist on Aug 4, 2021.
             Slain by a gnoll (5 damage)
             ... on level 3 of the Dungeon.
             The game lasted 00:08:10 (1840 turns).

ZARRMARR the Digger (Draconian Earth Elementalist)  Turns: 1840, Time: 00:08:11

Health: -4/34      AC:  5    Str: 10    XL:     4   Next: 17%
Magic:  7/8        EV: 12    Int: 17    God:
Gold:   9          SH:  0    Dex: 11    Spells: 7/8 levels left

rFire    . . .     SeeInvis .   c - +0 dagger
rCold    . . .     Faith    .   (no shield)
rNeg     . . .     Spirit   .   (armour unavailable)
rPois    +         Reflect  .   (helmet restricted)
rElec    .         Harm     .   (no cloak)
rCorr    .         Rampage  .   (no gloves)
Will     +....                  (no boots)
Stlth    ++........             d - amulet of the acrobat
HPRegen  0.11/turn              f - ring of willpower
MPRegen  0.11/turn              h - ring of poison resistance

@: mighty
A: AC +5, unfitting armour, cold-blooded
a: no special abilities


You were on level 3 of the Dungeon.
You visited 1 branch of the dungeon, and saw 3 of its levels.

You collected 9 gold pieces.

Inventory:

Hand Weapons
 c - a +0 dagger (weapon)
Missiles
 b - 101 stones
Jewellery
 d - an amulet of the acrobat (around neck)
 f - a ring of willpower (left hand)
 h - a ring of poison resistance (right hand)
Scrolls
 a - a scroll of amnesia
 e - a scroll of teleportation {unknown}
 i - a scroll of acquirement
Potions
 l - a potion of magic {unknown}


   Skills:
 + Level 0.3 Fighting
 + Level 1.1 Short Blades
 + Level 2.2 Dodging
 + Level 2.1 Stealth
 + Level 2.7 Spellcasting
 + Level 1.2 Transmutations
 + Level 3.7 Earth Magic


You had 7 spell levels left.
You knew the following spells:

 Your Spells              Type           Power      Damage    Failure   Level
a - Sandblast             Erth           28%        2d8       4%          1

Your spell library contained the following spells:

 Spells                   Type           Power      Damage    Failure   Level
 Passwall                 Tmut/Erth      8%         N/A       10%         2
 Stone Arrow              Conj/Erth      16%        3d8       26%         3
 Petrify                  Tmut/Erth      10%        N/A       54%         4


Dungeon Overview and Level Annotations

Branches:
Dungeon (3/15)

Altars:

Shops:
D:2 (

Annotations:
D:2 Sigmund


Innate Abilities, Weirdness & Mutations

Your plain brown scales are hard. (AC +5)
You cannot fit into any form of body armour.
You are cold-blooded and may be slowed by cold attacks.


Message History

The gnoll misses you. The gnoll completely misses you.
The gnoll barely misses you.
You closely miss the gnoll.
The gnoll is severely wounded.
The gnoll barely misses you. x2
The gnoll hits you from afar with a +0 spear.
You barely miss the gnoll. You tail-slap the gnoll.
You kill the gnoll!
The gnoll hits you with a +0 whip.
* * * LOW HITPOINT WARNING * * *
The gnoll hits you from afar with a +0 spear.
* * * LOW HITPOINT WARNING * * *
Your Short Blades skill increases to level 1!
It was a potion of curing.
You feel better. The gnoll hits you with a +0 whip.
* * * LOW HITPOINT WARNING * * *
The gnoll completely misses you.
It was a potion of might.
You feel very mighty all of a sudden. The gnoll misses you.
The gnoll hits you from afar with a +0 spear.
* * * LOW HITPOINT WARNING * * *
You puncture the gnoll!
You kill the gnoll!
The gnoll hits you from afar with a +0 spear.
* * * LOW HITPOINT WARNING * * *
You have reached level 4!
You feel clever. The gnoll completely misses you.
Things that are here:
a +0 whip; a gnoll corpse You puncture the gnoll!
The gnoll is almost dead.
The gnoll hits you with a +0 spear.
* * * LOW HITPOINT WARNING * * *
You closely miss the gnoll. You tail-slap the gnoll.
You kill the gnoll!
You hit the gnoll.
The gnoll is moderately wounded.
The gnoll hits you with a +0 club.
You die...

#.........#..
#########.#.#
#.#.## #....#
######..#
........###
######.#..# #.#
######.#).#.....
#......@........#
#.####g#####....#
#). ...# ## ..#
.# #


You could see a gnoll.

Vanquished Creatures
  An adder (D:2)
  3 gnolls (D:3)
  4 endoplasms
  6 goblins
  4 hobgoblins
  8 jackals
  A kobold (D:1)
  3 ball pythons (D:1)
  3 bats
  3 frilled lizards
  2 rats (D:1)
38 creatures vanquished.

Notes
Turn   | Place    | Note
-------+----------+-------------------------------------------
     0 | D:1      | ZARRMARR the Draconian Earth Elementalist began the quest
                  | for the Orb.
     0 | D:1      | Reached XP level 1. HP: 14/14 MP: 3/3
   226 | D:1      | Reached XP level 2. HP: 20/20 MP: 3/5
   394 | D:1      | Found a faded altar of an unknown god.
  1208 | D:2      | Reached XP level 3. HP: 26/26 MP: 3/6
  1416 | D:2      | Found Kastriso's Weapon Shop.
  1520 | D:2      | Noticed Sigmund
  1533 | D:2      | Identified a scroll of acquirement
  1834 | D:3      | Reached skill level 1 in Short Blades
  1836 | D:3      | HP: 1/26 [gnoll (5)]
  1837 | D:3      | Reached XP level 4. HP: 2/33 MP: 7/7
  1840 | D:3      | Slain by a gnoll

Illustrated notes

Levels and vault maps discovered:
D:1:      evilmike_arrival_plus, layout_basic,
          hellmonk_ecumenical_altar_lost_god
D:2:      layout_basic, serial_shops, shop, nicolae_square_shop,
          nicolae_lakefront_shop, nicolae_shop_crystal, shop, uniq_natasha,
          uniq_sigmund
D:3:      minmay_angry_zag, layout_basic, serial_shops,
          nicolae_shop_statue_plus, minmay_misc_feat_ornament, uniq_jessica

Skill      XL: |  1  2  3 |
---------------+----------+-----
Stealth        | 2 |  2.1
Dodging        | 2 |  2.2
Short Blades   | 1 |  1.1
Fighting       | |  0.3
Spellcasting   | |  2.7
Transmutations | |  1.2
Earth Magic    | |  3.7

Action                   |  1- 3 |  4- 6 || total
-------------------------+-------+-------++-------
Melee: Dagger            |    82 |     3 ||    85
       Unarmed           |     1 |       ||     1
       Tailslap          |    10 |     1 ||    11
 Cast: Sandblast         |    36 |       ||    36
  Use: Potion            |     3 |       ||     3
       Scroll            |     2 |       ||     2
 Stab: Sleeping          |     1 |       ||     1
Armor: Skin              |    26 |       ||    26
Dodge: Dodged            |    87 |     1 ||    88
